 Dungeon Crawl Stone Soup version 0.16-a0-922-gae79c9c (webtiles) character file.

62 JacquesDerrida the Insei (level 3, 0/26 HPs)
             Began as a Demonspawn Transmuter on Sept 30, 2014.
             Succumbed to an adder's poison
             ... on Level 3 of the Dungeon.
             The game lasted 00:03:00 (855 turns).

JacquesDerrida the Insei (Demonspawn Transmuter)     Turns: 855, Time: 00:03:00

HP   0/26        AC  4     Str 10      XL: 3   Next: 85%
MP   6/6         EV 12     Int 14      God:
Gold 83          SH  0     Dex 14      Spells:  1 memorised,  5 levels left

rFire  . . .     SeeInvis .     e - scroll of noise {unknown}
rCold  . . .     Clarity  .     c - +0 robe
rNeg   . . .     rCorr    .     (no shield)
rPois  .         rRot     .     h - +2 hat
rElec  .         Spirit   .     (no cloak)
SustAb .         Warding  .     (no gloves)
rMut   .         Stasis   .     (no boots)
Gourm  .                        (no amulet)
MR     .....                    (no ring)
                                (no ring)

@: lethally poisoned, not resistant to hostile enchantments, very unstealthy
A: hooves 1
a: no special abilities


You were on level 3 of the Dungeon.
You were not hungry.

You visited 1 branch of the dungeon, and saw 3 of its levels.

You collected 83 gold pieces.

Inventory:

Missiles
 b - 12 arrows
 q - 13 poisoned needles
Armour
 c - a +0 robe (worn)
 h - a +2 hat (worn)
Comestibles
 a - 2 bread rations
 k - a meat ration
 o - a slice of pizza
Scrolls
 e - a scroll of noise (in hand) {unknown}
 f - a scroll of immolation {unknown}
 g - 2 scrolls of teleportation {unknown}
 j - 2 scrolls of magic mapping {unknown}
 l - a scroll of fog {unknown}
 m - a scroll of random uselessness {unknown}
 n - a scroll of blinking {unknown}
Jewellery
 i - an uncursed ring of fire
Books
 d - a book of Changes

   Spells                             Type                      Level
   *Beastly Appendage                 Transmutation                1
   Sticks to Snakes                   Transmutation                2
   Spider Form                        Transmutation/Poison         3
   Ice Form                           Ice/Transmutation            4
   Blade Hands                        Transmutation                5


   Skills:
 - Level 1.0 Fighting
 - Level 1.7 Dodging
 + Level 4.3 Unarmed Combat
 - Level 2.0 Spellcasting
 - Level 1.7 Transmutations


You had 5 spell levels left.
You knew the following spells:

 Your Spells              Type           Power        Failure   Level  Hunger
a - Beastly Appendage     Trmt           #.....       14%         1    ##.....


Dungeon Overview and Level Annotations

Branches:
Dungeon (3/15)

Altars:


Innate Abilities, Weirdness & Mutations

You have large cloven feet.


Message History

You feel sick. The adder bites you.
* * * LOW HITPOINT WARNING * * *
The adder barely misses you.
Unknown command.
You hit the adder.
You kill the adder!
* * * LOW HITPOINT WARNING * * *
You feel sick.
Unknown command.
* * * LOW HITPOINT WARNING * * *
You feel sick.
* * * LOW HITPOINT WARNING * * *
You feel sick.
* * * LOW HITPOINT WARNING * * *
You feel sick.
Wield which item (- for none, * to show all)? (? for menu, Esc to quit)
e - a scroll labeled SHRAOK OCIERROA (in hand)
You swing at nothing.
Your horns disappear.
You die...

##### #...# #...# #...#
#############...#
.................############
........%...@................
..############...############
#...# ## #...# #. #.### #.
... #########. ##..
.......... #.# ....#####. #.#
#%


There were no monsters in sight!

Vanquished Creatures
  3 adders
  A giant gecko (D:1)
  2 giant cockroaches
  4 goblins
  3 hobgoblins (D:1)
  8 jackals (D:1)
  A quokka (D:2)
  3 bats
  2 giant newts
  A kobold (D:2)
  3 rats
31 creatures vanquished.

Notes
Turn   | Place    | Note
--------------------------------------------------------------
     0 | D:1      | JacquesDerrida, the Demonspawn Transmuter, began the quest for the Orb.
     0 | D:1      | Reached XP level 1. HP: 15/15 MP: 3/3
   119 | D:1      | Reached skill level 3 in Unarmed Combat
   213 | D:1      | Lost mutation: You have claws for feet. [demonic ancestry]
   213 | D:1      | Lost mutation: You have razor-sharp toenails. [demonic ancestry]
   213 | D:1      | Lost mutation: You have sharp toenails. [demonic ancestry]
   213 | D:1      | Gained mutation: You have large cloven feet. [demonic ancestry]
   213 | D:1      | Reached XP level 2. HP: 18/21 MP: 2/4
   537 | D:1      | Reached XP level 3. HP: 23/26 MP: 4/6
   725 | D:2      | Reached skill level 4 in Unarmed Combat
   853 | D:3      | HP: 1/26 [poisoned by an adder]
   855 | D:3      | Succumbed to an adder's poison

Action                   || total
-------------------------++-------
Melee: Unarmed           ||   125
 Cast: Beastly Appendage ||    15
  Use: Potion            ||     1
